[Event "Portuguese Rapid-ch 2022"]
[Site "Viseu"]
[Date "2022.06.11"]
[Round "7.7"]
[White "Guia, Artur Solovyov Eloy"]
[Black "Padeiro, Jose"]
[Result "1/2-1/2"]
[ECO "A45"]
[WhiteElo "1916"]
[BlackElo "2207"]
[Annotator "TA"]
[PlyCount "90"]
[EventDate "2022.06.09"]
[EventType "rapid"]
[EventCountry "POR"]
[SourceTitle "playchess.com"]
[Source "ChessBase"]
[SourceQuality "1"]
[TimeControl "600+5"]

1. d4 Nf6 2. Bg5 e6 3. Nd2 d5 4. e4 dxe4 5. Nxe4 Be7 6. Bxf6 gxf6 7. Nf3 b6 8. c3 Bb7 9. Bb5+ c6 10. Bd3 Nd7 {[%emt 0:00:06] C13: French: Classical System: 4 Bg5 Be7, Alekhine-Chatard Attack.} 11. Qe2 Qc7 12. O-O-O O-O-O {[%emt 0:00:05] White has an edge.} 13. Ba6 {[%emt 0:00:11] [#]} Bxa6 $146 ({Predecessor:} 13... Rdg8 14. g3 f5 15. Ned2 Bf6 16. Rhe1 Bxa6 17. Qxa6+ Kb8 18. Nc4 b5 19. Nce5 Nb6 {0-1 (51) Savova,S (2250)-Voiska,M (2315) Sofia 1989}) 14. Qxa6+ Qb7 15. Qe2 Rhg8 16. g3 f5 17. Ned2 Bd6 18. Kb1 Kb8 19. Nc4 Bc7 20. Nce5 Bxe5 21. Nxe5 Nf6 {[%emt 0:00:37] [#]} (21... Nxe5 $11 {keeps the balance.} 22. dxe5 Qe7) 22. f3 {[%emt 0:00:03] White is more active.} (22. Nxc6+ $1 $16 Qxc6 23. Qe5+ Ka8 24. Qxf6) 22... Nd5 23. Rd2 (23. c4 $5 Nb4 24. Rhe1 $14) 23... Qc7 24. Rhd1 Kb7 (24... f6 $14 {might be stronger.}) 25. Nd3 (25. c4 $16 Nf6 26. g4) 25... h5 (25... f4 $11) 26. c4 $14 Nf6 27. Nf4 (27. Ne5 $14) 27... h4 $11 28. Qf2 hxg3 29. hxg3 Rh8 30. Qe3 Nh5 31. Nxh5 Rxh5 32. g4 fxg4 33. fxg4 Rh2 34. Rxh2 Qxh2 {[%emt 0:00:01][%mdl 4096] Endgame KQR-KQR} 35. Qf3 Qh7+ 36. Ka1 Qg6 37. a3 Rg8 38. d5 exd5 (38... cxd5 $1 $11 39. cxd5 e5) 39. cxd5 $16 Rc8 {[%emt 0:01:11] [#]} 40. dxc6+ (40. Rc1 $1 $16 {And now dxc6+ would win.} cxd5 41. Qxd5+ Kb8 42. Qe5+ Kb7 43. Qe7+ Kb8 44. Rxc8+ Kxc8 45. Qxa7) 40... Qxc6 (40... Rxc6 $14 41. Re1 (41. Rd7+ Kc8 $11) 41... Qf6) 41. Qxf7+ Rc7 42. Qd5 (42. Qf5 $16) 42... Qxd5 $14 43. Rxd5 Rc1+ 44. Ka2 Rg1 45. Rg5 Rg3 {[%emt 0:00:07] Weighted Error Value: White=0.15 (very precise) /Black=0.22 (precise)} 1/2-1/2

[Event "Portuguese Rapid-ch 2022"]
[Site "Viseu"]
[Date "2022.06.11"]
[Round "7.8"]
[White "Ferreira, Vitor Hugo Vieira"]
[Black "De Carvalho, Vitor Augusto Poncia"]
[Result "1-0"]
[ECO "A48"]
[WhiteElo "2128"]
[BlackElo "1904"]
[Annotator "TA"]
[PlyCount "67"]
[EventDate "2022.06.09"]
[EventType "rapid"]
[EventCountry "POR"]
[SourceTitle "playchess.com"]
[Source "ChessBase"]
[SourceQuality "1"]
[TimeControl "600+5"]

1. d4 Nf6 2. Nf3 g6 3. Bg5 Ne4 4. Bh4 Bg7 5. c3 O-O 6. Nbd2 {[%emt 0:00:02] A48: 1 d4 Nf6 2 Nf3 g6: Torre, London and Colle Systems.} Nxd2 7. Qxd2 d5 8. e3 {[%emt 0:00:01] The position is equal.} Bf5 9. Bd3 Bxd3 10. Qxd3 Nd7 11. O-O c6 12. e4 dxe4 13. Qxe4 Nf6 14. Qe2 {[%emt 0:00:02] [#]} e6 $146 ({Predecessor:} 14... Re8 15. Ne5 Qd5 16. Rfe1 Rac8 17. Rad1 Nd7 18. Nxd7 Qxd7 19. Qc4 e6 20. Qa4 a6 {½-½ (36) Berg,D (1969)-Brueggestrass,V (2021) Germany 2018}) 15. Ne5 Qc7 16. Rad1 a5 17. a4 Rfe8 18. Bg3 {[%emt 0:00:34][%cal Oe5g6] [#] aiming for Nxg6!} (18. Qf3 {feels hotter.} Nd5 19. c4 Nb6 20. b3) 18... Nh5 19. Bh4 Nf6 20. Rd3 {[%emt 0:00:25] Rf3 is the strong threat.} Nd7 21. Nc4 e5 22. dxe5 {[%emt 0:00:18] White is more active.} Nxe5 (22... Bxe5 $14 23. Nxe5 Qxe5) 23. Re3 $16 Re6 $2 {[%emt 0:01:03] Black cannot hold the game after this.} (23... b5 $16 {was necessary.}) 24. Bg3 $18 f6 25. f4 b5 26. Na3 ({Not} 26. Nxe5 fxe5 27. axb5 (27. fxe5 bxa4 28. Ref3 Qd7 $14) 27... cxb5 $16) 26... Qb6 {[%emt 0:00:07][%cal Oe5g4] [#] And now ...Ng4! would win.} 27. fxe5 Bh6 28. Bf4 Bxf4 29. Rxf4 Rxe5 30. Rd4 c5 (30... Qc5 {was worth a try.} 31. axb5 cxb5) 31. Rxe5 {[%emt 0:00:02][%cal Be3e5,Be5b5,Bb5b6,Bb6e6][%mdl 32] White is clearly winning.} cxd4 32. Rxb5 d3+ 33. Rxb6 {[%emt 0:00:02] Intending Qe6+ and mate.} dxe2 34. Re6 {[%emt 0:00:02] Weighted Error Value: White=0.13 (very precise) /Black=0.33} 1-0